 Dungeon Crawl Stone Soup version 0.23.2-1-ga50397a6bc (webtiles) character file.

Game seed: 11312670985163829864

10437 Lysie the Fighter (level 11, -13/111 HPs)
             Began as a Minotaur Fighter on May 5, 2019.
             Was an Elder of Okawaru.
             Mangled by a freezing wraith (17 damage)
             ... led by a death knight
             ... on level 9 of the Dungeon.
             The game lasted 00:36:50 (10162 turns).

Lysie the Fighter (Minotaur Fighter)               Turns: 10162, Time: 00:36:52

Health: -13/111    AC: 17    Str: 25    XL:     11   Next: 36%
Magic:  0/10       EV:  5    Int:  8    God:    Okawaru [****..]
Gold:   557        SH:  9    Dex: 10    Spells: 10/10 levels left

rFire    + . .     SeeInvis .   k - +3 morningstar
rCold    . . .     Gourm    .   c - +0 shield
rNeg     . . .     Faith    .   j - +1 plate armour
rPois    .         Spirit   +   (helmet restricted)
rElec    .         Reflect  .   a - scarf {cloud immunity}
rCorr    .         Harm     .   h - +0 pair of gloves
MR       .....                  (no boots)
Stlth    ..........             q - amulet of guardian spirit
HPRegen  0.28/turn              m - +4 ring of strength
MPRegen  0.12/turn              t - ring of protection from fire

@: slowed, lightly drained, very slow
A: retaliatory headbutt, horns 2
a: Heroism, Renounce Religion


You were on level 9 of the Dungeon.
You worshipped Okawaru.
Okawaru was greatly pleased with you.
You were not hungry.

You visited 2 branches of the dungeon, and saw 12 of its levels.

You collected 557 gold pieces.

Inventory:

Hand Weapons
 i - a +5 mace
 k - a +3 morningstar (weapon)
 s - a +1 whip of freezing
 B - a +2 whip of electrocution
Armour
 a - a scarf of cloud immunity (worn)
 c - a +0 shield (worn)
 h - a +0 pair of gloves (worn)
 j - a +1 plate armour (worn)
Jewellery
 m - a +4 ring of strength (left hand)
 p - an uncursed ring of positive energy
 q - an amulet of guardian spirit (around neck)
 t - a ring of protection from fire (right hand)
 u - an uncursed ring of resist corrosion
 x - an uncursed ring of see invisible
 y - an uncursed ring of poison resistance
Wands
 b - a wand of disintegration (26)
 l - a wand of flame (24)
 r - a wand of scattershot (5)
 w - a wand of iceblast (15)
 A - a wand of acid (8)
 D - a wand of digging (1)
Scrolls
 e - 3 scrolls of magic mapping
 n - 2 scrolls of remove curse
 z - a scroll of identify
Potions
 d - 3 potions of might
 g - 6 potions of curing
Miscellaneous
 C - a lamp of fire (inert)
Comestibles
 f - 14 rations


   Skills:
 - Level 14.5 Fighting
   Level 12.4(12.3) Axes
 + Level 10.1 Armour
 - Level 3.6(3.5) Shields


You had 10 spell levels left.
You didn't know any spells.
Your spell library contained the following spells:

 Spells                   Type           Power        Failure   Level  Hunger
 Magic Dart               Conj           #...         100%        1    ##.....
 Blink                    Tloc           N/A          100%        2    ###....
 Call Imp                 Summ           #.......     100%        2    ###....
 Slow                     Hex            #.......     100%        2    ###....
 Conjure Flame            Conj/Fire      #.......     100%        3    ####...
 Mephitic Cloud           Conj/Pois/Air  #.......     100%        3    ####...


Dungeon Overview and Level Annotations

Branches:
Dungeon (11/15)            Temple (1/1) D:7
   Lair: D:8-11         Orc: D:9-12

Altars:
Ashenzari
Cheibriados
Dithmenos
Elyvilon
Fedhas
Gozag
Hepliaklqana
Kikubaaqudgha
Makhleb
Nemelex Xobeh
Okawaru
Qazlal
Ru
Sif Muna
Trog
Uskayaw
Vehumet
Wu Jian
Xom
Yredelemnul
Zin
The Shining One


Innate Abilities, Weirdness & Mutations

You reflexively headbutt those who attack you in melee.
You have a pair of horns on your head.


Message History

The freezing wraith is lightly damaged.
Throwing (i - inventory)
o - a tomahawk of dispersal (quivered)
Press: ? - help, Shift-Dir - straight line, f/p - freezing wraith
Aim: a freezing wraith (lightly damaged)
You throw a tomahawk of dispersal.
The tomahawk of dispersal closely misses the freezing wraith.
The freezing wraith hits you but does no damage.
You block the freezing wraith's attack.
Evoke which item? (* to show all) (? for menu, Esc to quit)
Aiming: Throw Flame
Press: ? - help, Shift-Dir - straight line, f/p - freezing wraith
Aim: a freezing wraith The puff of flame hits the freezing wraith!
The freezing wraith is burned terribly!
The freezing wraith is moderately damaged.
The freezing wraith hits you but does no damage.
You block the freezing wraith's attack. The freezing wraith hits you!
* * * LOW HITPOINT WARNING * * *
The freezing wraith freezes you!!
You die...

#.# #.# #.#########.#
##### ######.#.......#.#
....# #......#.#####.#.#
...[# #.#............<.#
....# #.#.#.##.####....#
....# #.#.#.......#....#
....#####.#.#<....#.#....#
....'..........W@......[.#
....#####.#.#.....#.#.#..#
'#### #.#.#.#.....#.#..#
.# #.#.#.#..#..#.#..#
.#### #.#.#.#..#..#.#..##
....# #.#.#.##.#..#.#...#
.##.# #.#.#....#..#[#####
.##.# #.#.####.#..#.#
.##.# #.#.#########.#


You could see a freezing wraith.

Vanquished Creatures
  Harold (D:10)
  Erolcha (D:10)
  2 two-headed ogres
  An unseen horror (D:10)
  Pikel (D:5)
  Joseph (D:10)
  2 kobold demonologists (D:10)
  2 hippogriffs
  A vampire (D:9)
  A wyvern (D:10)
  5 yaks
  A slave (D:3)
  An orc warrior (D:8)
  2 black bears
  2 ice beasts
  3 phantoms
  2 necrophages
  6 ogres
  A wolf (D:10)
  4 centaurs
  2 big kobolds (D:10)
  6 bullfrogs
  8 scorpions
  3 killer bees (D:9)
  5 wights (D:10)
  A crimson imp (D:3)
  A quasit (D:8)
  2 bullfrog zombies
  3 jellies
  7 hounds
  11 orc wizards
  6 orc priests
  2 iguanas
  Ijyb (D:5)
  A bullfrog skeleton (D:5)
  A gnoll shaman (D:5)
  Natasha (thrice) (D:3)
  4 worker ants
  A killer bee zombie (D:8)
  A hound skeleton (D:4)
  4 gnolls (D:5)
  A worker ant zombie (D:7)
  8 adders
  4 shadow imps
  An adder zombie (D:5)
  3 adder skeletons
  3 worms
  2 dart slugs
  3 leopard geckos
  53 orcs
  4 ball pythons
  2 giant cockroaches
  13 goblins
  6 hobgoblins
  8 jackals
  8 kobolds
  3 quokkas
  6 bats
  6 frilled lizards
  A leopard gecko skeleton (D:4)
  A quokka skeleton (D:5)
  3 rats
252 creatures vanquished.

Vanquished Creatures (others)
  Prince Ribbit (D:5)
  A slave (D:5)
2 creatures vanquished.

Grand Total: 254 creatures vanquished

Notes
Turn   | Place    | Note
-------+----------+-------------------------------------------
     0 | D:1      | Lysie the Minotaur Fighter began the quest for the Orb.
     0 | D:1      | Reached XP level 1. HP: 19/19 MP: 0/0
    81 | D:1      | Reached XP level 2. HP: 24/26 MP: 1/1
   510 | D:2      | Reached XP level 3. HP: 31/31 MP: 2/2
   951 | D:2      | Reached skill level 5 in Axes
  1135 | D:2      | Reached XP level 4. HP: 39/39 MP: 3/3
  1301 | D:3      | Noticed Natasha
  1317 | D:3      | Killed Natasha
  1468 | D:3      | Noticed Natasha
  1482 | D:3      | Killed Natasha
  1671 | D:3      | Reached XP level 5. HP: 30/45 MP: 4/4
  2149 | D:3      | Noticed Natasha
  2151 | D:3      | Killed Natasha
  2195 | D:3      | Found a deep blue altar of Sif Muna.
  2440 | D:4      | Found a white marble altar of Elyvilon.
  2456 | D:4      | You fall through a shaft for 3 floors!
  2480 | D:6      | Reached XP level 6. HP: 29/51 MP: 5/5
  2815 | D:5      | Entered Level 5 of the Dungeon
  2834 | D:5      | Noticed an ice beast
  2846 | D:5      | Noticed Ijyb
  2850 | D:5      | Noticed a slave
  2851 | D:5      | Noticed a slave
  2854 | D:5      | Killed Ijyb
  2857 | D:5      | Noticed a slave
  2861 | D:5      | Noticed Pikel
  2862 | D:5      | Noticed a slave
  2872 | D:3      | Killed a slave
  3077 | D:4      | Reached XP level 7. HP: 40/57 MP: 6/6
  3545 | D:4      | Reached skill level 10 in Axes
  3936 | D:5      | Killed Pikel
  3936 | D:5      | Reached XP level 8. HP: 63/64 MP: 7/7
  3988 | D:5      | Reached skill level 4 in Fighting
  4000 | D:5      | Noticed Prince Ribbit
  4015 | D:5      | Killed Prince Ribbit
  4147 | D:5      | Reached skill level 5 in Fighting
  4198 | D:5      | Found a snail-covered altar of Cheibriados.
  4517 | D:6      | Found a hide-covered altar of Uskayaw.
  4518 | D:6      | Noticed a +0 hand axe
  4518 | D:6      | Noticed a +0 dagger
  5048 | D:7      | Reached skill level 6 in Fighting
  5354 | D:7      | Reached skill level 7 in Fighting
  5557 | D:7      | Reached XP level 9. HP: 79/79 MP: 8/8
  5656 | D:7      | Reached skill level 8 in Fighting
  5829 | D:7      | Found a sparkling altar of Nemelex Xobeh.
  5897 | D:7      | Found a staircase to the Ecumenical Temple.
  6165 | Temple   | Entered the Ecumenical Temple
  6295 | Temple   | Became a worshipper of Warmaster Okawaru
  6374 | D:8      | Reached skill level 9 in Fighting
  6489 | D:8      | Reached skill level 10 in Fighting
  6677 | D:8      | Reached * piety under Okawaru
  6717 | D:8      | Reached skill level 11 in Fighting
  6741 | D:8      | Found an ornate altar of the Wu Jian Council.
  6816 | D:8      | Found a glowing silver altar of Zin.
  7514 | D:9      | Found a shattered altar of Ashenzari.
  7527 | D:9      | Reached skill level 12 in Fighting
  7547 | D:9      | Reached XP level 10. HP: 59/97 MP: 6/9
  7857 | D:9      | Reached ** piety under Okawaru
  7869 | D:9      | Noticed a two-headed ogre
  7891 | D:9      | Killed a two-headed ogre
  7891 | D:9      | Reached skill level 13 in Fighting
  8374 | D:10     | Entered Level 10 of the Dungeon
  8418 | D:10     | Reached *** piety under Okawaru
  8449 | D:10     | Reached skill level 14 in Fighting
  8481 | D:10     | Received a gift from Okawaru
  8513 | D:11     | Noticed a phantasmal warrior
  8513 | D:11     | Noticed a skeletal warrior
  8531 | D:10     | Noticed an unseen horror
  8919 | D:10     | Killed an unseen horror
  8919 | D:10     | Reached skill level 5 in Armour
  8938 | D:10     | Noticed Joseph
  8945 | D:10     | Killed Joseph
  9108 | D:10     | Noticed Harold
  9130 | D:10     | Killed Harold
  9130 | D:10     | Reached XP level 11. HP: 100/111 MP: 6/10
  9443 | D:11     | Noticed a phantasmal warrior
  9852 | D:11     | Noticed a death knight
  9889 | D:11     | Noticed Erolcha
  9889 | D:11     | Noticed a two-headed ogre
  9898 | D:10     | Killed Erolcha
  9898 | D:10     | Reached **** piety under Okawaru
  9977 | D:10     | Killed a two-headed ogre
 10095 | D:11     | Noticed a brown ugly thing
 10117 | D:10     | Reached skill level 10 in Armour
 10121 | D:10     | HP: 2/111 [yak (8)]
 10157 | D:10     | HP: 5/111 [freezing wraith[a death knight] (7)]
 10162 | D:9      | HP: 4/111 [freezing wraith[a death knight] (4)]
 10162 | D:9      | Mangled by a freezing wraith

Skill      XL: |  1  2  3  4  5  6  7  8  9 10 11 |
---------------+----------------------------------+-----
Axes           | 3 4 5 6 7 9 12 | 12.4
Fighting       | 7 12 14 | 14.5
Armour         | 7 10 | 10.1
Shields        | |  3.6

Action                   |  1- 3 |  4- 6 |  7- 9 | 10-12 || total
-------------------------+-------+-------+-------+-------++-------
Melee: War axe           |    98 |   168 |    82 |       ||   348
       Headbutt          |     7 |    27 |    70 |    41 ||   145
       Whip              |       |       |   311 |   170 ||   481
       Morningstar       |       |       |       |    27 ||    27
Throw: Throwing net      |       |       |       |     4 ||     4
       Tomahawk          |       |       |       |     5 ||     5
Invok: Heroism           |       |       |       |     5 ||     5
Evoke: Wand              |       |       |     3 |     1 ||     4
       Lamp of fire      |       |       |       |     1 ||     1
  Use: Scroll            |     3 |     1 |     9 |     4 ||    17
       Potion            |       |     2 |     1 |     7 ||    10
 Stab: Invisible         |       |       |     3 |       ||     3
  Eat: Ration            |     1 |     1 |     4 |     3 ||     9
       Chunk             |       |       |     2 |       ||     2
Armor: Scale mail        |    25 |       |       |       ||    25
       Plate armour      |    48 |   135 |   204 |   180 ||   567
Dodge: Dodged            |    21 |    26 |    51 |    49 ||   147
Block: Shield            |    59 |    80 |   142 |   121 ||   402
